 Dungeon Crawl Stone Soup version 0.23.3-3-gaaff5abdbf (webtiles) character file.

Game seed: 10472219246342581754

64 MordorOrchid the Chopper (level 3, -1/33 HPs)
             Began as a Minotaur Monk on June 26, 2020.
             Succumbed to a scorpion's poison
             ... on level 3 of the Dungeon.
             The game lasted 00:03:52 (1516 turns).

MordorOrchid the Chopper (Minotaur Monk)            Turns: 1516, Time: 00:03:54

Health: -1/33      AC:  4    Str: 16    XL:     3   Next: 91%
Magic:  2/2        EV: 10    Int:  7    God:
Gold:   64         SH:  7    Dex: 12    Spells: 2/2 levels left

rFire    . . .     SeeInvis .   a - +0 hand axe
rCold    . . .     Gourm    .   o - +0 shield
rNeg     . . .     Faith    .   j - +0 leather armour (curse)
rPois    .         Spirit   .   (helmet restricted)
rElec    .         Reflect  .   (no cloak)
rCorr    .         Harm     .   i - +0 pair of gloves
MR       .....                  (no boots)
Stlth    +.........             u - amulet of rage
HPRegen  0.11/turn              (no ring)
MPRegen  0.08/turn              (no ring)

@: lethally poisoned (-1 -> -22)
A: retaliatory headbutt, horns 2
a: Evoke Berserk Rage


You were on level 3 of the Dungeon.
You were very hungry.

You visited 1 branch of the dungeon, and saw 3 of its levels.

You collected 64 gold pieces.

Inventory:

Hand Weapons
 a - a +0 hand axe (weapon)
 d - a +0 short sword
 t - a +0 hunting sling
Missiles
 e - 12 stones (quivered)
 h - 25 arrows
Armour
 b - a +0 robe
 i - a +0 pair of gloves (worn)
 j - a cursed +0 leather armour (worn)
 o - a +0 shield (worn)
Jewellery
 p - an uncursed amulet of magic regeneration
 q - an uncursed ring of fire
 u - an amulet of rage (around neck)
Scrolls
 k - a scroll of fog {unknown}
 l - a scroll of teleportation {unknown}
 s - a scroll of remove curse {unknown}
Potions
 f - a potion of heal wounds {unknown}
 m - a potion of agility {unknown}
 n - a potion of resistance
 r - a potion of flight
Comestibles
 c - 3 rations


   Skills:
 + Level 4.0 Fighting
 + Level 4.2 Axes
 * Level 3.0 Armour
 - Level 3.2 Dodging
 - Level 1.5 Stealth
 * Level 1.2 Shields


You had 2 spell levels left.
You didn't know any spells.
Your spell library was empty.

Dungeon Overview and Level Annotations

Branches:
Dungeon (3/15)

Altars:


Innate Abilities, Weirdness & Mutations

You reflexively headbutt those who attack you in melee.
You have a pair of horns on your head.


Message History

* * * LOW HITPOINT WARNING * * *
You feel better. The scorpion stings you.
* * * LOW HITPOINT WARNING * * *
Okay, then.
The scorpion closely misses you. You furiously retaliate!
You headbutt the scorpion, but do no damage.
There is a stone staircase leading down here.
You are feeling very hungry.
You fail to use your ability.
The scorpion stings you.
You are lethally poisoned!
The scorpion poisons you!
You fail to use your ability.
* * * LOW HITPOINT WARNING * * *
You feel sick. The scorpion stings you!
* * * LOW HITPOINT WARNING * * *
You are more poisoned.
The scorpion poisons you!
You barely miss the scorpion. You headbutt the scorpion!
The scorpion is moderately wounded.
You die...

##.#########.#># #.#
#........##.#.#####.#####
#..#####.##.#.#..........
#..# ##.##.#.#..........
#..# #.......#..........
#..# #.......'..........
#..####.##.####..........
#........#...............
####.......@s..#.##########.
#.......)#####.#.# #.
..............#.#.# #.
##.......)##.##.#.# #####>
.....#..†..# ...#.# #.....
#####>#.###.######.# #.....
#.#<...<.......# #.....
#####...###########.....
....# ........###.


You could see a scorpion.

Vanquished Creatures
  An adder (D:2)
  A worm (D:2)
  2 dart slugs (D:1)
  3 orcs (D:2)
  5 bats
  3 hobgoblins
  8 jackals
  2 frilled lizards (D:2)
  6 goblins
  9 kobolds
  5 rats
45 creatures vanquished.

Notes
Turn   | Place    | Note
-------+----------+-------------------------------------------
     0 | D:1      | MordorOrchid the Minotaur Monk began the quest for the Orb.
     0 | D:1      | Reached XP level 1. HP: 19/19 MP: 0/0
    13 | D:1      | Reached skill level 1 in Armour
   158 | D:1      | Reached XP level 2. HP: 25/26 MP: 1/1
   801 | D:2      | Reached XP level 3. HP: 32/33 MP: 2/2
  1005 | D:2      | Reached skill level 1 in Shields
  1457 | D:3      | Noticed a scorpion
  1515 | D:3      | HP: 1/33 [scorpion (8)]
  1516 | D:3      | Succumbed to a scorpion's poison

Skill      XL: |  1  2  3 |
---------------+----------+-----
Armour         | 2 3 |  3.0
Axes           | 4 |  4.2
Shields        | 1 |  1.2
Fighting       | 4 |  4.0
Dodging        | |  3.2
Stealth        | |  1.5

Action                   || total
-------------------------++-------
Melee: Hand axe          ||   118
       Headbutt          ||    16
  Use: Scroll            ||     5
       Potion            ||     1
 Stab: Sleeping          ||     3
  Eat: Chunk             ||     1
Armor: Robe              ||     3
       Leather armour    ||    20
Dodge: Dodged            ||    79
Block: Shield            ||    25
